 Dungeon Sprint DCSS version 0.21.1-1-g345015fe64 (webtiles) character file.

1920 Jannitor the Martial Artist (level 9, -13/72 HPs)
             Began as an Octopode Transmuter on Mar 27, 2018.
             Was a High Priest of Cheibriados.
             Mangled by a five-headed hydra (14 damage)
             ... in the Dungeon (Sprint IX: "|||||||||||||||||||||||||||||") on Mar 28, 2018.
             The game lasted 00:03:10 (1238 turns).

Jannitor the Martial Artist (Octopode Transmuter)   Turns: 1238, Time: 00:03:12

Health: -13/72     AC:  2    Str: 22    XL:     9   Next: 16%
Magic:  9/12       EV: 24    Int: 28    God:    Cheibriados [*****.]
Gold:   0          SH:  0    Dex: 28    Spells: 8/12 levels left

rFire    . . .     SeeInvis .     - Unarmed
rCold    . . .     Gourm    .   (shield currently unavailable)
rNeg     . . .     Faith    .   (helmet currently unavailable)
rPois    x         Spirit   .   (no amulet)
rElec    .         Reflect  .   m - +2 ring of evasion
rCorr    .         Harm     .   n - +2 ring of evasion
MR       .....     NoTele   +   (no ring)
Stlth    ++........             (no ring)
HPRegen  0.22/turn              (no ring)
MPRegen  0.13/turn              (no ring)
                                (no ring)
                                (no ring)

@: spider-form, very slightly contaminated, invisible, very slow
A: tiny, almost no armour, stealthy swim, (amphibious), 8 rings, (constrict 8)
a: End Transformation, Bend Time, Temporal Distortion, Slouch, Step From Time,
Renounce Religion


You were in the Dungeon.
You worshipped Cheibriados.
Cheibriados was extremely pleased with you.
You were not hungry.
You were a venomous arachnid creature.
You visited 1 branch

Inventory:

Missiles
 a - 40 arrows
Jewellery
 m - a +2 ring of evasion (left front leg)
 n - a +2 ring of evasion (right front leg)
Wands
 l - a wand of iceblast (10)
Scrolls
 i - 3 scrolls of blinking
 j - 5 scrolls of remove curse
 k - 2 scrolls of amnesia
 o - a scroll of fog
 p - 4 scrolls of enchant weapon
Potions
 d - 9 potions of curing
 e - 5 potions of heal wounds
 f - a potion of haste
 g - 4 potions of magic
Books
 b - a book of Changes

   Spells                             Type                      Level
   a - Beastly Appendage              Transmutation                1
   b - Sticks to Snakes               Transmutation                2
   c - Spider Form                    Transmutation/Poison         3
   d - Ice Form                       Ice/Transmutation            4
   e - Blade Hands                    Transmutation                5
Comestibles
 c - a ration


   Skills:
 + Level 11.5 Fighting
 - Level 2.0 Dodging
 + Level 11.8 Unarmed Combat
 - Level 2.0 Spellcasting
 + Level 11.5 Transmutations
 + Level 2.6 Invocations


You had 8 spell levels left.
You knew the following spells:

 Your Spells              Type           Power        Failure   Level  Hunger
a - Beastly Appendage     Tmut           ######       1%          1    None
b - Spider Form           Tmut/Pois      #####.....   10%         3    ###....


Dungeon Overview and Level Annotations

Branches:
Dungeon (1/1)

Altars:
Cheibriados
Dithmenos
Elyvilon
Fedhas
Gozag
Hepliaklqana
Kikubaaqudgha
Makhleb
Nemelex Xobeh
Okawaru
Qazlal
Ru
Sif Muna
Trog
Uskayaw
Vehumet
Wu Jian
Xom
Yredelemnul
Zin
The Shining One
Beogh
Jiyva
Lugonu


Innate Abilities, Weirdness & Mutations

You cannot wear most types of armour.
You are very stealthy in the water. (Stealth+)
((You are amphibious.))
You can wear up to eight rings at the same time.
((You can use your tentacles to constrict eight enemies at once.))
((Your skin changes colour to match your surroundings (Stealth+).))
((Your rubbery body absorbs attacks. (AC +1, EV +1)))


Message History

The five-headed hydra barely misses you.
You maul the five-headed hydra!!
The five-headed hydra looks as sick as possible!
The five-headed hydra is almost dead.
The porcupine twitches its whiskers.
The five-headed hydra misses you. The five-headed hydra bites you!
* * * LOW HITPOINT WARNING * * *
The five-headed hydra bites you but does no damage.
The five-headed hydra bites you!
* * * LOW HITPOINT WARNING * * *
The five-headed hydra closely misses you.
A water moccasin comes into view.
You fail to use your ability.
The water moccasin hisses angrily.
The five-headed hydra misses you.
The five-headed hydra barely misses you.
The five-headed hydra bites you.
* * * LOW HITPOINT WARNING * * *
The five-headed hydra misses you. The five-headed hydra bites you!
You die...

▓.▓(▓)▓
▓.▓(▓.▓
▓|▓.▓.▓
▓[▓)▓.▓
▓.▓.▓'▓
▓.▓.▓_▓
▓.▓.▓_▓
▓.▓.▓_▓
▓s▓.▓_▓
▓D▓.▓_▓
▓F▓.▓_▓
▓r▓.▓_▓
▓r▓.▓_▓
▓S▓.▓_▓
▓F▓.▓_▓
▓S▓.▓_▓
▓.▓_▓


You could see a five-headed hydra, 2 spiny frogs, 2 water moccasins and 2
porcupines.

Vanquished Creatures
  Sonja (D)
  A deep elf mage (D)
  A spiny frog (D)
  A phantom (D)
  3 ice beasts (D)
  A centaur (D)
  A scorpion (D)
  A killer bee (D)
  2 hounds (D)
  2 worker ants (D)
  An adder skeleton (D)
  A leopard gecko (D)
  2 orcs (D)
  A bat zombie (D)
  A goblin (D)
  A hobgoblin (D)
  A bat (D)
  A frilled lizard (D)
  A rat (D)
24 creatures vanquished.

Notes
Turn   | Place    | Note
-------+----------+-------------------------------------------
     0 | D        | Jannitor the Octopode Transmuter began the quest for the Orb.
     0 | D        | Reached XP level 1. HP: 13/13 MP: 3/3
    26 | D        | Noticed a worker ant
    26 | D        | Noticed a worker ant
    26 | D        | Noticed a centaur
    28 | D        | Reached XP level 2. HP: 19/19 MP: 5/5
    34 | D        | Reached XP level 3. HP: 9/26 MP: 6/6
    36 | D        | Reached skill level 5 in Unarmed Combat
    39 | D        | HP: 2/40 [centaur (8)]
    40 | D        | Killed a centaur
    40 | D        | Reached skill level 5 in Fighting
    40 | D        | Reached XP level 4. HP: 3/36 MP: 7/7
    40 | D        | Reached XP level 5. HP: 3/41 MP: 8/8
   327 | D        | Learned a level 3 spell: Spider Form
   332 | D        | Found a roughly hewn altar of Beogh.
   332 | D        | Found a snail-covered altar of Cheibriados.
   332 | D        | Found a shadowy altar of Dithmenos.
   332 | D        | Found a white marble altar of Elyvilon.
   332 | D        | Found a blossoming altar of Fedhas.
   332 | D        | Found an opulent altar of Gozag.
   333 | D        | Found a hazy altar of Hepliaklqana.
   334 | D        | Found a viscous altar of Jiyva.
   335 | D        | Found an ancient bone altar of Kikubaaqudgha.
   336 | D        | Found a corrupted altar of Lugonu.
   337 | D        | Found a burning altar of Makhleb.
   338 | D        | Found a sparkling altar of Nemelex Xobeh.
   339 | D        | Found an iron altar of Okawaru.
   340 | D        | Found a stormy altar of Qazlal.
   341 | D        | Found a sacrificial altar of Ru.
   342 | D        | Found a deep blue altar of Sif Muna.
   343 | D        | Found a bloodstained altar of Trog.
   344 | D        | Found a hide-covered altar of Uskayaw.
   345 | D        | Found a radiant altar of Vehumet.
   346 | D        | Found an ornate altar of the Wu Jian Council.
   347 | D        | Found a shimmering altar of Xom.
   348 | D        | Found a basalt altar of Yredelemnul.
   349 | D        | Found a glowing silver altar of Zin.
   350 | D        | Found a glowing golden altar of the Shining One.
   392 | D        | Became a worshipper of Cheibriados the Contemplative
   501 | D        | Noticed a phantom
   501 | D        | Noticed an ice beast
   501 | D        | Noticed an ice beast
   513 | D        | Killed an ice beast
   513 | D        | Reached * piety under Cheibriados
   513 | D        | Reached XP level 6. HP: 34/47 MP: 5/9
   521 | D        | Reached ** piety under Cheibriados
   524 | D        | Killed an ice beast
   529 | D        | Killed a phantom
   529 | D        | Reached XP level 7. HP: 29/56 MP: 6/10
   682 | D        | Noticed a deep elf mage
   687 | D        | Killed a deep elf mage
   687 | D        | Reached skill level 10 in Fighting
   687 | D        | Reached skill level 10 in Unarmed Combat
   687 | D        | Reached skill level 10 in Transmutations
   687 | D        | Reached XP level 8. HP: 62/64 MP: 7/11
   690 | D        | Reached *** piety under Cheibriados
   708 | D        | Reached **** piety under Cheibriados
   848 | D        | Noticed Sonja
   861 | D        | Killed Sonja
   861 | D        | Reached ***** piety under Cheibriados
  1226 | D        | Noticed a spiny frog
  1226 | D        | Noticed a spiny frog
  1226 | D        | Noticed a five-headed hydra
  1231 | D        | Noticed a spiny frog
  1232 | D        | Killed a spiny frog
  1232 | D        | Reached XP level 9. HP: 51/72 MP: 8/12
  1238 | D        | HP: 1/72 [five-headed hydra (6)]
  1238 | D        | Mangled by a five-headed hydra

Skill      XL: |  1  2  3  4  5  6  7  8 |
---------------+-------------------------+-----
Fighting       | 2 3 5 6 8 10 11 | 11.5
Transmutations | 4 6 7 8 10 11 | 11.5
Unarmed Combat | 4 6 7 9 10 11 | 11.8
Invocations    | 2 |  2.6
Dodging        | |  2.0
Spellcasting   | |  2.0

Action                   |  1- 3 |  4- 6 |  7- 9 || total
-------------------------+-------+-------+-------++-------
Melee: Unarmed           |    27 |    24 |    37 ||    88
       Constrict         |     6 |       |     1 ||     7
       Tentacles         |     5 |       |     1 ||     6
       Punch             |       |       |     1 ||     1
 Cast: Spider Form       |       |     1 |     3 ||     4
       Beastly Appendage |       |     1 |       ||     1
Invok: Slouch            |       |       |     1 ||     1
  Use: Potion            |     1 |       |     3 ||     4
 Stab: Sleeping          |     1 |       |       ||     1
       Invisible         |       |       |     1 ||     1
Armor: Skin              |     2 |     4 |     4 ||    10
Dodge: Dodged            |    15 |    17 |    46 ||    78
